 Dungeon Crawl Stone Soup version 0.21-a0-128-gf2b353c (webtiles) character file.

217 Gorglomux the Skirmisher (level 5, 0/47 HPs)
             Began as a Hill Orc Venom Mage on July 16, 2017.
             Slain by sergedm's ghost (3 damage)
             ... on level 3 of the Dungeon.
             The game lasted 00:04:07 (3665 turns).

Gorglomux the Skirmisher (Hill Orc Venom Mage)      Turns: 3665, Time: 00:04:08

Health: 0/47       AC:  3    Str: 14    XL:     5   Next: 94%
Magic:  7/7        EV: 12    Int: 15    God:
Gold:   196        SH:  0    Dex: 11    Spells: 6/7 levels left

rFire    . . .     SeeInvis .   I - +1 whip (elec)
rCold    . . .     Gourm    .   (no shield)
rNeg     . . .     Faith    .   a - +0 robe
rPois    .         Spirit   .   O - +0 helmet
rElec    .         Reflect  .   (no cloak)
rCorr    .         Harm     .   (no gloves)
MR       .....                  (no boots)
Stlth    ..........             (no amulet)
HPRegen  0.15/turn              B - ring of loudness
MPRegen  0.10/turn              K - +2 ring of strength

@: confused
A: no striking features
a: no special abilities


You were on level 3 of the Dungeon.
You were not hungry.

You visited 1 branch of the dungeon, and saw 3 of its levels.

You collected 196 gold pieces.

Inventory:

Hand Weapons
 I - a +1 whip of electrocution (weapon)
Armour
 a - a +0 robe (worn)
 O - a +0 helmet (worn)
Jewellery
 B - a ring of loudness (left hand)
 K - a +2 ring of strength (right hand)
Scrolls
 D - 3 scrolls of remove curse
 E - a scroll of fear {unknown}
 L - 3 scrolls of identify {unknown}
Potions
 C - 2 potions of heal wounds {unknown}
 F - a potion of degeneration {unknown}
 N - a potion of brilliance {unknown}
Books
 b - a Young Poisoner's Handbook

   Spells                             Type                      Level
   a - Sting                          Conjuration/Poison           1
   b - Poisonous Vapours              Poison/Air                   2
   c - Mephitic Cloud                 Conjuration/Poison/Air       3
   d - Olgreb's Toxic Radiance        Poison                       4
   e - Venom Bolt                     Conjuration/Poison           5
Comestibles
 c - 4 bread rations
 z - 3 meat rations
 G - a royal jelly


   Skills:
 + Level 4.5 Fighting
 + Level 4.1 Armour
 - Level 1.5 Dodging
 - Level 1.5 Stealth
 - Level 1.5 Spellcasting
 - Level 1.0 Conjurations
 - Level 2.6 Poison Magic


You had 6 spell levels left.
You knew the following spells:

 Your Spells              Type           Power        Failure   Level  Hunger
a - Sting                 Conj/Pois      #...         11%         1    ##.....


Dungeon Overview and Level Annotations

Branches:
Dungeon (3/15)

Altars:

Annotations:
D:2 1 runed door
D:3 sergedm's ghost, amateur DECj


Message History

Sergedm's ghost is butt-ly damaged!
Sergedm's ghost hits you but does butt damage!
You bump into the rock wall!
Sergedm's ghost hits you!
You bump into the rock wall!
Sergedm's ghost casts a spell at you! The spray of energy hits you!!!
You are more confused!
You bump into the rock wall!
Sergedm's ghost hits you but butts no damage!
You bump into the rock wall!
Sergedm's ghost barely misses you!
You bump into the rock wall!
Sergedm's ghost gestures at you while chanting!
The spray of energy hits you!!! * * * don't die
* * * You are more confused!
You bump into the rock wall!
Sergedm's ghost completely misses you!
You closely miss sergedm's ghost!
Sergedm's ghost is severely damaged!
Sergedm's ghost hits you! rip

..# ..# ..# ### ..# ##+##
..## ..# ##...## K.. #.#
##.....## .. # ..#
##.......## .#.##
..####..<......###....###
...............'@WK......
..###..........###l...###
..# #.#.......## .#.##
..# #.##.....## .. .# ###
#.###...## .## # #.#
##'## .. #####.# #.# ##
......####.#
...........##


You could see sergedm's ghost, a kobold and a frilled lizard.

Vanquished Creatures
  Natasha (thrice) (D:2)
  Robin (D:2)
  4 adders (D:2)
  A gnoll (D:2)
  2 oozes (D:1)
  A worm (D:2)
  A dart slug (D:1)
  3 leopard geckos (D:1)
  7 bats
  8 giant cockroaches
  9 goblins
  8 hobgoblins
  2 jackals (D:1)
  A quokka (D:2)
  3 ball pythons (D:1)
  3 frilled lizards
  5 kobolds
  8 rats
70 creatures vanquished.

Notes
Turn   | Place    | Note
-------+----------+-------------------------------------------
     0 | D:1      | Gorglomux the Hill Orc Venom Mage began the quest for the Orb.
     0 | D:1      | Reached XP level 1. HP: 14/14 MP: 3/3
   147 | D:1      | Reached skill level 1 in Fighting
   147 | D:1      | Reached skill level 1 in Armour
   147 | D:1      | Reached XP level 2. HP: 23/23 MP: 0/4
   627 | D:1      | Reached XP level 3. HP: 29/29 MP: 1/5
  1572 | D:2      | Reached XP level 4. HP: 37/37 MP: 6/6
  1579 | D:2      | Reached skill level 3 in Fighting
  2216 | D:2      | Reached skill level 3 in Armour
  2419 | D:2      | Noticed Natasha
  2433 | D:2      | Killed Natasha
  2433 | D:2      | Reached XP level 5. HP: 9/46 MP: 4/7
  2691 | D:2      | Found a runed door.
  2750 | D:2      | Noticed Natasha
  2761 | D:2      | Killed Natasha
  2876 | D:2      | Noticed Robin
  2894 | D:2      | Killed Robin
  3209 | D:2      | Noticed Natasha
  3215 | D:2      | Killed Natasha
  3651 | D:3      | Noticed sergedm's ghost (amateur DECj)
  3665 | D:3      | Slain by sergedm's ghost

Vault maps used:
D:1:      onia_arrival_handbag, serial_forest, infiniplex_forest_lined_1,
          infiniplex_forest_3_way, infiniplex_forest_clump_curved,
          infiniplex_forest_clump_medium, infiniplex_forest_lined_corner,
          infiniplex_forest_lined_2, infiniplex_forest_clump_curved,
          infiniplex_forest_lined_3, infiniplex_forest_lined_room_
D:2:      serial_glass, glass_columns_c, glass_columns_a,
          minmay_three_crescents, uniq_natasha, uniq_crazy_yiuf_cottage,
          uniq_robin
D:3:      first_bread

Skill      XL: |  1  2  3  4  5 |
---------------+----------------+-----
Fighting       | 1 2 3 4 |  4.5
Armour         | 1 2 3 4 |  4.1
Dodging        | |  1.5
Stealth        | |  1.5
Spellcasting   | |  1.5
Conjurations   | |  1.0
Poison Magic   | |  2.6

Action                   |  1- 3 |  4- 6 || total
-------------------------+-------+-------++-------
Melee: Unarmed           |    34 |       ||    34
       Whip              |    29 |   116 ||   145
 Cast: Sting             |    43 |     9 ||    52
  Use: Scroll            |       |     1 ||     1
 Stab: Distracted        |       |     1 ||     1
  Eat: Chunk             |     3 |     7 ||    10
Armor: Robe              |    19 |    20 ||    39
Dodge: Dodged            |    60 |    59 ||   119
